 Dungeon Crawl Stone Soup version 0.23.0 (webtiles) character file.

Game seed: 14997014389131100307

1718935 Blackhawk the Conqueror (level 26, 239/239 HPs)
             Began as a Minotaur Berserker on Feb 9, 2019.
             Was the Champion of Trog.
             Escaped with the Orb
             ... and 3 runes!
             The game lasted 02:41:29 (64699 turns).

Blackhawk the Conqueror (Minotaur Berserker)       Turns: 64699, Time: 02:41:30

Health: 239/239    AC: 39    Str: 30    XL:     26   Next: 17%
Magic:  32/32      EV: 25    Int:  6    God:    Trog [******]
Gold:   4143       SH: 43    Dex: 23    Spells: 25/25 levels left

rFire    + + +     SeeInvis .   S - +8 trident "Boruts" {vamp, rF++ MR+ MP-9 Str+4 Int-2}
rCold    . . .     Gourm    .   B - +8 large shield
rNeg     + + .     Faith    .   C - +7 plate armour of Kishez {*Contam rN++ Dex+3}
rPois    +         Spirit   +   N - +3 hat of Pondering {ponderous, MR+ MP+10 Int+5}
rElec    +         Reflect  +   V - scarf {Spirit}
rCorr    .         Harm     .   v - +2 pair of gloves {Dex+3}
MR       ++++.                  e - +2 pair of boots {Fly}
Stlth    ..........             n - +4 amulet of reflection
HPRegen  0.49/turn              b - ring "Adghebug" {rElec MR+}
MPRegen  0.23/turn              Z - ring of protection from fire

@: flying, slow
A: retaliatory headbutt, horns 2, large bone plates 1, dopey 1, frail 1, poison
resistance, subdued magic 1
0: Orb of Zot
}: 3/15 runes: barnacled, silver, gossamer
a: Berserk, Trog's Hand, Brothers in Arms, Renounce Religion, Stop Flying


You escaped.
You worshipped Trog.
Trog was exalted by your worship.
You were not hungry.

You visited 10 branches of the dungeon, and saw 48 of its levels.
You visited the Abyss 1 time.
You also visited: Ice Cave.

You collected 7633 gold pieces.
You spent 3490 gold pieces at shops.

Inventory:

Hand Weapons
 f - a +5 demon trident of piercing
 x - a +8 antimagic executioner's axe
 S - the +8 trident "Boruts" (weapon) {vamp, rF++ MR+ MP-9 Str+4 Int-2}
   (You found it on level 11 of the Dungeon)

   It inflicts no extra harm, but heals its wielder when it wounds a living foe.
   It affects your strength (+4).
   It affects your intelligence (-2).
   It greatly protects you from fire.
   It affects your resistance to hostile enchantments.
   It affects your magic capacity (-9).
 W - a +5 antimagic broad axe
Armour
 e - a +2 pair of boots of flying (worn)
 v - a +2 pair of gloves of dexterity (worn)
 B - a +8 large shield (worn)
 C - the +7 plate armour of Kishez (worn) {*Contam rN++ Dex+3}
   (You acquired it on level 2 of the Depths)

   It affects your dexterity (+3).
   It greatly protects you from negative energy.
   It causes magical contamination when unequipped.
 J - +0 gold dragon scales
 N - the +3 hat of Pondering (worn) {ponderous, MR+ MP+10 Int+5}
   (You took it off Gastronok on level 9 of the Dungeon)

   It affects your intelligence (+5).
   It affects your resistance to hostile enchantments.
   It affects your magic capacity (+10).
 V - a scarf of spirit shield (worn)
Jewellery
 b - the ring "Adghebug" (left hand) {rElec MR+}
   (You found it on level 4 of the Depths)

   [ring of protection from magic]

   It insulates you from electricity.
   It affects your resistance to hostile enchantments.
 n - a +4 amulet of reflection (around neck)
 s - an uncursed ring of protection from cold
 w - the ring of Eluvve {-Tele rN+ Str+3 Int+2}
   (You bought it in a shop on level 5 of the Depths)

   [ring of positive energy]

   It affects your strength (+3).
   It affects your intelligence (+2).
   It protects you from negative energy.
   It prevents most forms of teleportation.
 I - a +6 ring of evasion
 Z - a ring of protection from fire (right hand)
Wands
 g - a wand of disintegration (32)
 j - a wand of iceblast (31)
 o - a wand of digging (25)
 u - a wand of scattershot (6)
 G - a wand of enslavement (24)
 H - a wand of flame (43)
 M - a wand of polymorph (15)
 P - a wand of acid (27)
 R - a wand of paralysis (28)
Scrolls
 a - 11 scrolls of remove curse
 d - 9 scrolls of teleportation
 i - 3 scrolls of blinking
 m - 6 scrolls of magic mapping
 t - a scroll of holy word
 y - 5 scrolls of identify
 K - 3 scrolls of fog
 U - 5 scrolls of fear
Potions
 h - 8 potions of ambrosia
 k - 4 potions of agility
 l - a potion of resistance
 r - 10 potions of heal wounds
 z - 14 potions of curing
 A - 9 potions of might
 D - 9 potions of haste
 F - 7 potions of cancellation
 X - 5 potions of invisibility
 Y - 4 potions of magic
Miscellaneous
 p - a fan of gales
 O - a phantom mirror
 T - a box of beasts
Comestibles
 c - 53 rations


   Skills:
 O Level 27 Fighting
 - Level 11.8(13.9) Axes
   Level 2.4(8.1) Maces & Flails
 - Level 12.1(14.0) Polearms
 + Level 25.0 Armour
 + Level 20.7 Dodging
 + Level 23.6 Shields
 - Level 12.0 Evocations


You had 25 spell levels left.
You didn't know any spells.
Your spell library was empty.

Dungeon Overview and Level Annotations

Branches:
Dungeon (15/15)            Temple (1/1) D:5            Lair (6/6) D:9
 Shoals (4/4) Lair:2       Spider (4/4) Lair:2        Slime (0/5) Lair:5
    Orc (2/2) D:10            Elf (1/3) Orc:2        Vaults (5/5) D:14
  Crypt (0/3) Vaults:3     Depths (5/5) D:15            Zot (5/5) Depths:5

Altars:
Cheibriados
Elyvilon
Fedhas
Gozag
Kikubaaqudgha
Ru
Sif Muna
Trog
Uskayaw
Vehumet
Wu Jian
Xom
Yredelemnul
Zin
The Shining One

Shops:
D:5 *   D:9 *   D:11 ?(%   Orc:2 [((*=   Vaults:1 ([[   Vaults:2 }   Depths:2 :
Depths:5 =}}

Portals:
Hell: Depths:1 Depths:2 Depths:3 Depths:4 Depths:5
Abyss: Depths:1 Depths:2 Depths:4
Pandemonium: Depths:3 Depths:4
Ziggurat: Depths:1
Trove: D:15 (give 7 scrolls of blinking)

Annotations:
D:3 1 runed translucent door, Crazy Yiuf
D:11 2 transporters, 1 runed translucent door, bande's ghost, journeyman GrFi
Lair:6 3 runed translucent doors, MolotovDodgeball's ghost, journeyman TrAs; Vicugh's ghost, journeyman GrEE; garrulousMonolith's ghost, journeyman GnFi; mad's ghost, journeyman HaHu
Shoals:4 2 runed translucent doors, Lyfunof's ghost, adept DrFE
Depths:3 exclusion: 2 statues
Zot:3 exclusion: upstairs
Zot:5 exclusions: obsidian statue and 1 more exclusion


Innate Abilities, Weirdness & Mutations

You reflexively headbutt those who attack you in melee.
You have a pair of horns on your head.
You are partially covered in large bone plates. (SH +4)
You are dopey. (Int -2)
You are frail. (-10% HP)
Your system is resistant to poisons. (rPois)
Your spells are a little easier to cast, but a little less powerful.


Message History

There is an escape hatch in the ceiling here.
A mysterious force pulls you upwards. The hatch slams shut behind you.
Level annotation: 1 runed translucent door, Crazy Yiuf
There is a stone staircase leading up here.
You fly upwards.
There is a stone staircase leading down here.
There is a stone staircase leading up here.
You fly upwards.
There is a stone staircase leading down here.
Evoke which item? (* to show all) (? for menu, Esc to quit)
Aiming: Dig
Press: ? - help, Shift-Dir - straight line A rock wall.
This square is covered in magical glow.
The rock shatters into small pieces.
There is a staircase leading out of the dungeon here.
Okay, then.
Okay, then.
You can't go down here!
You have escaped!

#....########.########......#
#...## ###.......### ##.....# #
#..## ##...........## ##....# #
#..# ##....#####....####....## #
#..# #...########............#
####.####..##.......##..####.....
.....# #...#..≈≈.≈≈..#...# #.....
####.# #..##.≈≈...≈≈.##..# #.#.#.
# #.# #..##.≈≈.@.≈≈.##..# #.#.##
# #.# #..##.≈≈...≈≈.##..# #...# #
#.# #...#..≈≈≈≈≈..#...# #...##
##.####..##.......##..####....# #
#...# #...####.####...# #......
###...# ##....##'##....## #......
.##...## ##......)....## ##......
.'.....## ###.......### ##.......
.##.....#################........


There were no monsters in sight!

Vanquished Creatures
  2 orbs of fire (Zot:5)
  Mara (Vaults:4)
  4 ancient liches
  3 juggernauts
  Sojobo (Depths:2)
  Boris (4 times) (Vaults:2 Vaults:3 Vaults:4 Depths:1)
  2 Killer Klowns (Zot:5)
  2 caustic shrikes (Depths:4)
  A curse toe (Zot:2)
  7 golden dragons
  the Enchantress (Depths:4)
  A bone dragon (Depths:5)
  Arachne (Spider:3)
  2 electric golems (Zot:5)
  8 liches
  6 tentacled monstrosities
  Rupert (D:14)
  2 quicksilver dragons
  25 Orb Guardians (Zot:5)
  3 titans
  A kraken (Shoals:1)
  2 sphinxes (Depths:4)
  4 death cobs
  Frances (Elf:1)
  Polyphemus (Shoals:2)
  4 tengu reavers
  Gastronok (D:9)
  8 shadow dragons
  3 daevas (Depths:2)
  7 storm dragons
  A draconian monk (Depths:5)
  4 fire giants
  A draconian scorcher (Depths:5)
  7 ghost moths
  15 frost giants
  A deep elf sorcerer (Depths:4)
  2 draconian knights
  21 vault wardens
  4 draconian shifters
  2 iron dragons (Depths:4)
  3 angels (Depths:2)
  4 emperor scorpions
  A deep elf elementalist (Vaults:5)
  An orc warlord (Orc:2)
  6 spriggan defenders
  21 ironheart preservers
  2 draconian stormcallers
  2 draconian annihilators
  4 vampire knights
  20 stone giants
  4 entropy weavers
  A reaper (Zot:5)
  26 very ugly things
  6 green draconians
  3 deep elf demonologists
  5 deep elf annihilators
  4 red draconians
  5 yellow draconians
  Azrael (Elf:1)
  11 spark wasps
  7 black draconians
  5 purple draconians
  3 white draconians
  19 ettins
  4 merfolk javelineers (Shoals:4)
  4 deep elf death magi
  5 merfolk impalers
  A crystal guardian (Vaults:4)
  A blizzard demon (Abyss:2)
  10 great orbs of eyes
  11 yaktaur captains
  A deep elf high priest (Vaults:5)
  13 ice dragons
  14 ogre magi
  6 fire dragons
  An ice dragon (shapeshifter) (Vaults:5)
  39 vault guards
  A catoblepas (Shoals:1)
  7 merfolk avatars
  5 rakshasas
  5 hydras
  3 spriggan air magi
  A two-headed ogre (shapeshifter) (Depths:5)
  An alligator snapping turtle (Shoals:3)
  2 merfolk aquamancers (Shoals:4)
  38 two-headed ogres
  2 death knights
  11 centaur warriors
  A vampire mage (Depths:3)
  14 death yaks
  2 satyrs (Shoals:3)
  2 orc high priests
  9 deep troll shamans
  4 spriggan berserkers
  2 tengu warriors
  A thrashing horror (Abyss:1)
  5 deep troll earth magi
  A shock serpent (Depths:1)
  A sun demon (Depths:1)
  6 deep elf knights
  2 fire crabs (Shoals:2)
  An iron troll (Depths:1)
  A wretched star (Abyss:2)
  A salamander mystic (Depths:5)
  2 sixfirhies (Depths:1)
  4 skeletal warriors (Vaults:2)
  6 unseen horrors
  3 fire crabs (shapeshifter)
  2 shadow wraiths (Vaults:2)
  16 sea snakes
  A death drake (shapeshifter) (Vaults:5)
  A deep troll (shapeshifter) (Vaults:5)
  5 flayed ghosts
  13 deep trolls
  4 lindwurms (Lair:3)
  5 cherubim (Depths:2)
  An unseen horror (shapeshifter) (Vaults:5)
  Pikel (D:6)
  5 wizards
  5 glowing orange brains
  A golden dragon skeleton (Depths:1)
  4 phantasmal warriors
  9 harpies
  An obsidian statue (Zot:5)
  16 ironbrand convokers
  3 deep elf archers
  7 orc knights
  A harpy (shapeshifter) (D:15)
  25 wolf spiders
  5 necromancers
  2 sphinx zombies (Vaults:5)
  A mana viper (Abyss:2)
  14 orb spiders
  29 deep elf magi
  A manticore (shapeshifter) (D:15)
  A sphinx skeleton (Vaults:1)
  34 ugly things
  17 fauns
  15 manticores
  An orc sorcerer (Orc:2)
  11 moths of wrath
  4 salamanders (Depths:5)
  A worldbinder (Abyss:2)
  17 cyclopes
  A fire giant skeleton (Vaults:5)
  2 salamanders (shapeshifter)
  3 ice statues (IceCv)
  8 water nymphs
  Joseph (D:6)
  2 black mambas (shapeshifter)
  5 elephants (Lair:6)
  An elephant (shapeshifter) (Vaults:4)
  13 merfolk sirens
  3 black mambas
  13 vault sentinels
  11 spiny frogs
  3 smoke demons (Abyss:2)
  A gargoyle (D:14)
  4 rime drakes
  7 torpor snails
  A komodo dragon (shapeshifter) (Vaults:3)
  10 komodo dragons
  A tengu conjurer (Depths:1)
  A kobold demonologist (D:12)
  4 efreet
  20 yaktaurs
  8 demonic crawlers
  A redback zombie (D:13)
  7 freezing wraiths
  9 polar bears
  2 ancient zymes
  A hellwing (Abyss:2)
  3 meliai (D:13)
  A queen bee (shapeshifter) (Vaults:1)
  7 trolls
  2 jumping spiders (shapeshifter)
  13 jumping spiders
  A polar bear (shapeshifter) (Vaults:2)
  22 hornets
  24 merfolk
  3 wind drakes
  A dream sheep (shapeshifter) (Depths:3)
  A tengu simulacrum (Vaults:5)
  Prince Ribbit (D:9)
  15 hippogriffs
  A hippogriff (shapeshifter) (Vaults:2)
  A frost giant simulacrum (Depths:1)
  24 slime creatures
  8 raiju
  2 human simulacra
  19 blink frogs
  A raiju (shapeshifter) (Vaults:3)
  A meliai zombie (D:13)
  19 dream sheep
  2 fire giant simulacra (Vaults:3)
  An ice dragon zombie (Depths:1)
  11 snapping turtles
  9 starcursed masses
  An air elemental (Elf:1)
  An ettin skeleton (Depths:1)
  19 tarantellas
  51 redbacks
  20 spriggans
  A spriggan (shapeshifter) (D:15)
  8 water elementals
  5 wraiths
  22 yaks
  5 shadows
  6 wyverns
  2 humans (shapeshifter)
  5 large abominations
  2 basilisks
  A basilisk (shapeshifter) (Vaults:3)
  A fire bat (Shoals:1)
  A yak (shapeshifter) (Vaults:3)
  4 fire elementals (Elf:1)
  4 vampire mosquitoes (D:14)
  A neqoxec (Abyss:2)
  A steam dragon (D:14)
  Menkaure (D:7)
  6 wargs
  3 acid dragons
  2 soldier ants (D:10)
  A soldier ant (shapeshifter) (Vaults:4)
  An elf skeleton (Vaults:1)
  11 water moccasins
  A hell hound (Elf:1)
  4 porcupines
  A slave (D:6)
  4 hornet zombies
  3 sky beasts
  11 ice beasts
  39 orc warriors
  2 black bears
  3 necrophages
  An eye of draining (D:14)
  7 phantoms
  47 ogres
  19 centaurs
  30 wolves
  16 boggarts
  A wolf (shapeshifter) (Depths:4)
  3 small abominations
  9 crocodiles
  A big kobold (D:12)
  13 bullfrogs
  An elf zombie (D:15)
  2 earth elementals (Elf:1)
  An ogre simulacrum (Vaults:1)
  A wyvern zombie (D:12)
  5 scorpions
  A wyvern skeleton (D:10)
  12 killer bees
  19 wights
  3 howler monkeys (D:9)
  An electric eel (Lair:2)
  6 crimson imps
  7 bullfrog zombies
  4 centaur zombies
  3 quasits
  7 hounds
  4 human zombies
  6 jellies
  27 orc wizards
  19 orc priests
  7 centaur skeletons
  6 iguanas
  14 worker ants
  A human skeleton (D:15)
  2 killer bee zombies
  2 hound zombies
  2 hound skeletons
  A howler monkey zombie (D:6)
  A worker ant zombie (D:11)
  11 adders
  11 gnolls
  A howler monkey skeleton (D:10)
  3 shadow imps
  12 white imps (Lair:1)
  2 oozes (D:5)
  An ufetubus (Abyss:2)
  A worm (D:3)
  3 dart slugs
  5 leopard geckos
  99 orcs
  4 giant cockroaches
  16 hobgoblins
  10 jackals
  A quokka (D:7)
  2 ball python skeletons (D:4)
  6 bats
  12 frilled lizards
  7 goblins
  11 kobolds
  An orc skeleton (D:15)
  2 orc zombies (D:15)
  6 rats
  A crawling corpse (Vaults:5)
  6 fungi
2000 creatures vanquished.

Vanquished Creatures (collateral kills)
  An ancient lich (Zot:5)
  Mennas (Depths:2)
  A sphinx (Vaults:5)
  A shadow dragon (Vaults:4)
  A tengu reaver (Vaults:5)
  2 vault wardens
  A draconian knight (Zot:5)
  2 very ugly things (Depths:3)
  An ettin (Depths:1)
  A vault guard (Vaults:1)
  A deep troll (Depths:1)
  An orc knight (Vaults:1)
  An ironbrand convoker (Vaults:1)
  3 orb spiders (Spider:4)
  2 wolf spiders (Spider:4)
  A demonic crawler (Spider:4)
  A jumping spider (Spider:4)
  4 hornets (Spider:4)
  2 redbacks (Spider:4)
  2 centaurs
30 creatures vanquished.

Vanquished Creatures (others)
  A fire giant (Depths:4)
  A frost giant (Depths:4)
  6 stone giants
  A merfolk javelineer (Shoals:2)
  An ettin (Depths:4)
  7 yaktaur captains
  6 centaur warriors
  A deep elf knight (Vaults:2)
  A cherub (Depths:2)
  2 deep elf archers
  An ironbrand convoker (Vaults:5)
  A deep elf mage (Elf:1)
  A manticore (D:12)
  2 fauns (Shoals:3)
  3 cyclopes
  A smoke demon (Abyss:2)
  8 yaktaurs
  A merfolk (Shoals:1)
  3 slime creatures (Depths:2)
  3 boggarts
  4 centaurs
  65 bushes (Depths:2)
  6 fungi
  A lurking horror (Abyss:2)
  10 plants
  4 tentacles (Shoals:1)
141 creatures vanquished.

Grand Total: 2171 creatures vanquished

Notes
Turn   | Place    | Note
-------+----------+-------------------------------------------
     0 | D:1      | Blackhawk the Minotaur Berserker began the quest for the
                  | Orb.
     0 | D:1      | Reached XP level 1. HP: 19/19 MP: 0/0
   115 | D:1      | Reached XP level 2. HP: 27/27 MP: 1/1
   698 | D:1      | Reached skill level 4 in Fighting
  1077 | D:2      | Reached XP level 3. HP: 33/33 MP: 2/2
  1197 | D:2      | Reached ** piety under Trog
  2038 | D:2      | Reached XP level 4. HP: 38/40 MP: 3/3
  2611 | D:3      | Noticed an ice beast
  2616 | D:3      | Gained mutation: Your system is resistant to poisons.
                  | (rPois) [potion of mutation]
  2616 | D:3      | Gained mutation: You are partially covered in large bone
                  | plates. (SH +4) [potion of mutation]
  2621 | D:3      | Killed an ice beast
  2621 | D:3      | Reached XP level 5. HP: 47/47 MP: 4/4
  2833 | D:3      | Found a blossoming altar of Fedhas.
  2850 | D:3      | Reached *** piety under Trog
  2855 | D:3      | Reached skill level 5 in Axes
  2859 | D:3      | Reached skill level 5 in Fighting
  2916 | D:3      | Reached XP level 6. HP: 55/56 MP: 5/5
  3053 | D:3      | Noticed an orc warrior
  3064 | D:3      | Killed an orc warrior
  3491 | D:3      | Found a runed translucent door.
  3492 | D:3      | Noticed Crazy Yiuf
  3591 | D:4      | Reached XP level 7. HP: 34/62 MP: 6/6
  3741 | D:4      | Reached skill level 5 in Armour
  3858 | D:4      | Found a shimmering altar of Xom.
  3955 | D:4      | Reached skill level 6 in Fighting
  3965 | D:4      | Reached skill level 5 in Dodging
  4652 | D:5      | Entered Level 5 of the Dungeon
  4652 | D:5      | Found a staircase to the Ecumenical Temple.
  4693 | Temple   | Entered the Ecumenical Temple
  4710 | D:5      | Reached XP level 8. HP: 60/71 MP: 7/7
  4778 | D:5      | Reached **** piety under Trog
  5112 | D:5      | Found Nitixom's General Store.
  5445 | D:5      | Reached skill level 7 in Fighting
  5779 | D:6      | Noticed Pikel
  5796 | D:6      | Killed Pikel
  5912 | D:6      | Reached XP level 9. HP: 79/81 MP: 8/8
  6060 | D:6      | Reached skill level 8 in Fighting
  6422 | D:7      | Noticed Joseph
  6422 | D:7      | Noticed Menkaure
  6434 | D:6      | Killed Joseph
  6537 | D:7      | Killed Menkaure
  7036 | D:7      | Found an ancient bone altar of Kikubaaqudgha.
  7209 | D:7      | Found a radiant altar of Vehumet.
  7247 | D:7      | Reached skill level 9 in Fighting
  8127 | D:8      | Reached XP level 10. HP: 47/91 MP: 9/9
  8159 | D:8      | Reached ***** piety under Trog
  8797 | D:8      | Got a brightly glowing morningstar
  8798 | D:8      | Identified the cursed +2 morningstar of Evisceration
                  | {protect, +Blink rF++} (You found it on level 8 of the
                  | Dungeon)
  8822 | D:9      | Noticed a two-headed ogre
  8964 | D:9      | Reached skill level 1 in Maces & Flails
  9029 | D:9      | Found a staircase to the Lair.
  9057 | D:9      | Received a gift from Trog
  9343 | D:9      | Killed a two-headed ogre
  9343 | D:9      | Reached skill level 1 in Evocations
  9490 | D:9      | Reached skill level 10 in Axes
  9522 | D:9      | Found a bloodstained altar of Trog.
  9522 | D:9      | Found an ornate altar of the Wu Jian Council.
  9552 | D:9      | Reached skill level 10 in Fighting
  9798 | D:9      | Found Aququ's General Store.
  9900 | D:9      | Noticed Prince Ribbit
 10007 | D:9      | Found a glowing golden altar of the Shining One.
 10119 | D:9      | Noticed Gastronok
 10135 | D:9      | Killed Gastronok
 10135 | D:9      | Reached skill level 10 in Armour
 10135 | D:9      | Reached XP level 11. HP: 87/101 MP: 10/12
 10315 | D:9      | Killed Prince Ribbit
 10411 | D:10     | Entered Level 10 of the Dungeon
 11171 | D:10     | Found a staircase to the Orcish Mines.
 11336 | D:11     | Found a transporter.
 11342 | D:11     | Found a transporter.
 11384 | D:11     | Found Engul's Antique Weapon Emporium.
 11443 | D:11     | Found Xonoff's Food Shop.
 11696 | D:11     | Found a bloodstained altar of Trog.
 11874 | D:11     | Found Rublued's Magic Scroll Boutique.
 11954 | D:11     | Found a runed translucent door.
 11973 | D:11     | Noticed a glowing orange brain
 11980 | D:11     | Identified the +8 trident "Boruts" {vamp, rF++ MR+ MP-9
                  | Str+4 Int-2} (You found it on level 11 of the Dungeon)
 12253 | D:11     | Reached skill level 11 in Fighting
 12253 | D:11     | Reached skill level 1 in Polearms
 12253 | D:11     | Reached skill level 1 in Shields
 12503 | D:11     | Noticed bande's ghost (journeyman GrFi)
 12588 | D:12     | Received a gift from Trog
 12780 | D:12     | Noticed a green ugly thing
 12780 | D:12     | Noticed a two-headed ogre
 12780 | D:12     | Noticed a deep elf mage
 12781 | D:12     | Noticed a white ugly thing
 12781 | D:12     | Noticed an ogre mage
 12864 | Lair:1   | Entered Level 1 of the Lair of Beasts
 12964 | Lair:1   | Reached XP level 12. HP: 110/110 MP: 5/14
 13094 | Lair:1   | Found a snail-covered altar of Cheibriados.
 13109 | Lair:1   | Reached skill level 5 in Evocations
 13260 | Lair:1   | Found a frozen archway.
 13298 | IceCv    | Entered an ice cave
 14259 | Lair:1   | Reached skill level 5 in Shields
 14290 | Lair:1   | Reached skill level 5 in Polearms
 14439 | Lair:1   | Reached skill level 12 in Fighting
 15011 | Lair:2   | Found a hole to the Spider Nest.
 15141 | Lair:2   | Got a faintly humming ring mail
 15142 | Lair:2   | Identified the cursed +0 ring mail of Fedhas's Castigation
                  | {rC+ MR+ Slay+3 SInv} (You found it on level 2 of the Lair
                  | of Beasts)
 15263 | Lair:2   | Noticed a seven-headed hydra
 15273 | Lair:2   | Killed a seven-headed hydra
 15669 | Lair:2   | Found a staircase to the Shoals.
 16026 | Lair:3   | Noticed a four-headed hydra
 16033 | Lair:3   | Killed a four-headed hydra
 16033 | Lair:3   | Reached XP level 13. HP: 119/119 MP: 16/16
 17131 | Lair:4   | You fall through a shaft for 2 floors!
 17131 | Lair:6   | Entered Level 6 of the Lair of Beasts
 17235 | Lair:6   | Received a gift from Trog
 17273 | Lair:6   | Reached skill level 13 in Fighting
 17451 | Lair:6   | Paralysed by a hornet for 2 turns
 17912 | Lair:5   | Found a staircase to the Slime Pits.
 18559 | Lair:4   | Got a scorched ring mail
 18560 | Lair:4   | Identified the cursed +0 ring mail "Vasaicig" {rF++ MR-
                  | Dex+4} (You found it on level 4 of the Lair of Beasts)
 19043 | Lair:6   | Reached XP level 14. HP: 127/129 MP: 14/19
 19329 | Lair:6   | Reached ****** piety under Trog
 19470 | Lair:6   | Received a gift from Trog
 20119 | Lair:6   | Reached skill level 14 in Fighting
 20142 | Lair:6   | Found a runed translucent gate.
 20142 | Lair:6   | Found a runed translucent gate.
 20142 | Lair:6   | Found a runed translucent gate.
 20147 | Lair:6   | Noticed mad's ghost (journeyman HaHu)
 20147 | Lair:6   | Noticed MolotovDodgeball's ghost (journeyman TrAs)
 20148 | Lair:6   | Noticed Vicugh's ghost (journeyman GrEE)
 20148 | Lair:6   | Noticed garrulousMonolith's ghost (journeyman GnFi)
 20789 | D:12     | Reached skill level 10 in Shields
 20800 | D:12     | Identified the +1 morningstar "X" {speed, +Inv rF- Int+4
                  | Dex+2}
 20806 | D:12     | Reached skill level 10 in Polearms
 21095 | D:12     | You fall through a shaft for 3 floors!
 21095 | D:15     | Entered Level 15 of the Dungeon
 21302 | D:15     | Received a gift from Trog
 21661 | D:14     | Found a gate to the Vaults.
 21853 | D:14     | Noticed Rupert
 21863 | D:14     | Killed Rupert
 21901 | D:14     | Found a sacrificial altar of Ru.
 21991 | D:14     | Reached XP level 15. HP: 139/139 MP: 20/20
 22514 | D:13     | Received a gift from Trog
 23339 | D:13     | Found a deep blue altar of Sif Muna.
 23853 | D:12     | Reached skill level 15 in Fighting
 23932 | D:12     | Found the +3 giant club "Skullcrusher" {speed, Str+7}
 24635 | D:15     | Found a portal to a secret trove of treasure.
 24674 | D:15     | Found an ancient bone altar of Kikubaaqudgha.
 24683 | D:15     | Received a gift from Trog
 25196 | D:15     | Found a staircase to the Depths.
 25338 | D:15     | Reached skill level 15 in Armour
 25562 | Orc:1    | Entered Level 1 of the Orcish Mines
 25662 | Orc:1    | Reached skill level 10 in Evocations
 25813 | Orc:1    | Received a gift from Trog
 25991 | Orc:1    | Found a bloodstained altar of Trog.
 26006 | Orc:2    | Entered Level 2 of the Orcish Mines
 26205 | Orc:2    | Noticed an orc warlord
 26234 | Orc:2    | Killed an orc warlord
 26302 | Orc:2    | Found Imyaruv's Jewellery Emporium.
 26400 | Orc:2    | Found Juvaff's General Store.
 26423 | Orc:2    | Found Riah's Antique Armour Emporium.
 26569 | Orc:2    | Found a staircase to the Elven Halls.
 26570 | Orc:2    | Found Lafualie's Antique Weapon Boutique.
 26582 | Orc:2    | Cast into level 1 of the Abyss (orc warrior)
 26633 | Abyss:1  | Found a stormy altar of Qazlal.
 26639 | Abyss:1  | Noticed a bone dragon
 26720 | Abyss:1  | Noticed a black draconian scorcher
 26773 | Abyss:1  | Received a gift from Trog
 27232 | Abyss:2  | Paralysed by accursed screaming for 1 turns
 27235 | Abyss:2  | Reached XP level 16. HP: 50/151 MP: 19/22
 27248 | Abyss:2  | Reached skill level 16 in Fighting
 27754 | Orc:2    | Escaped the Abyss
 27833 | Orc:2    | Found Feurrit's Weapon Shop.
 28092 | Orc:2    | Bought a crystal lajatang for 660 gold pieces
 28094 | Orc:2    | Identified the +5 lajatang of Haocuode {drain, rPois rF+}
                  | (You bought it in a shop on level 2 of the Orcish Mines)
 28114 | Orc:2    | Bought a pair of runed gloves for 277 gold pieces
 28114 | Orc:2    | Bought a pair of glowing boots for 277 gold pieces
 28152 | Elf:1    | Entered Level 1 of the Elven Halls
 28457 | Elf:1    | Noticed Frances
 28476 | Elf:1    | Killed Frances
 28770 | Spider:1 | Entered Level 1 of the Spider Nest
 29464 | Spider:1 | Received a gift from Trog
 30023 | Elf:1    | Noticed Azrael
 30029 | Elf:1    | Reached skill level 17 in Fighting
 30046 | Elf:1    | Killed Azrael
 30285 | Orc:2    | Bought the +4 robe of Augmentation {Str+4 Int+4 Dex+4} for
                  | 1957 gold pieces
 30285 | Orc:2    | Found the +4 robe of Augmentation {Str+4 Int+4 Dex+4}
 31007 | Spider:3 | Received a gift from Trog
 31042 | Spider:3 | Identified the +5 quick blade of the Empty Page {freeze,
                  | rF+ Str-4 Dex+4 SInv} (Trog gifted it to you on level 3 of
                  | the Spider Nest)
 31710 | Spider:4 | Entered Level 4 of the Spider Nest
 31710 | Spider:4 | Noticed Arachne
 31741 | Spider:3 | Killed Arachne
 31793 | Spider:4 | Reached XP level 17. HP: 139/163 MP: 21/24
 32144 | Spider:4 | Reached skill level 18 in Fighting
 32210 | Spider:4 | Received a gift from Trog
 33194 | Spider:4 | Got a gossamer rune of Zot
 33447 | Shoals:1 | Entered Level 1 of the Shoals
 34436 | Shoals:1 | Noticed a kraken
 34451 | Shoals:1 | Killed a kraken
 34527 | Shoals:2 | Reached skill level 19 in Fighting
 34548 | Shoals:1 | Received a gift from Trog
 35223 | Shoals:2 | Noticed Polyphemus
 35255 | Shoals:2 | Killed Polyphemus
 35255 | Shoals:2 | Reached skill level 10 in Dodging
 35894 | Shoals:2 | Reached XP level 18. HP: 165/176 MP: 22/26
 35996 | Shoals:2 | Identified the +6 great sword "Gyteli" {slice, Int+4}
 36685 | Shoals:3 | Received a gift from Trog
 37473 | Shoals:4 | Entered Level 4 of the Shoals
 37626 | Shoals:4 | Found a large runed translucent door.
 37627 | Shoals:4 | Found a large runed translucent door.
 37632 | Shoals:4 | Noticed Lyfunof's ghost (adept DrFE)
 37805 | Shoals:4 | Reached skill level 15 in Shields
 38153 | Shoals:4 | Reached skill level 20 in Fighting
 38182 | Shoals:4 | Received a gift from Trog
 38355 | Shoals:4 | Got a barnacled rune of Zot
 38839 | Vaults:1 | Entered Level 1 of the Vaults
 39492 | Vaults:1 | Received a gift from Trog
 39826 | Vaults:1 | Reached XP level 19. HP: 177/188 MP: 21/27
 40005 | Vaults:1 | Found Gozag's Antique Armour Emporium.
 40041 | Vaults:1 | Found an opulent altar of Gozag.
 40059 | Vaults:1 | Reached skill level 21 in Fighting
 40083 | Vaults:1 | Found Gozag's Antique Armour Emporium.
 40091 | Vaults:1 | Found Gozag's Antique Weapon Shoppe.
 40614 | Vaults:1 | Received a gift from Trog
 41189 | Vaults:2 | Found Onageam's Gadget Shoppe.
 41556 | Vaults:2 | Noticed Boris
 41574 | Vaults:2 | Killed Boris
 41871 | Vaults:2 | Received a gift from Trog
 42362 | Vaults:2 | Reached skill level 22 in Fighting
 42499 | Vaults:3 | Noticed Boris
 42514 | Vaults:3 | Killed Boris
 42683 | Vaults:3 | Reached XP level 20. HP: 174/200 MP: 25/28
 42932 | Vaults:3 | Received a gift from Trog
 43065 | Vaults:3 | You are sucked into a shaft!
 43209 | Vaults:4 | Noticed Boris
 43233 | Vaults:4 | Killed Boris
 44151 | Vaults:3 | Found a staircase to the Crypt.
 44151 | Vaults:3 | Found an ancient bone altar of Kikubaaqudgha.
 44152 | Vaults:3 | Found a basalt altar of Yredelemnul.
 44226 | Vaults:3 | Reached skill level 23 in Fighting
 44811 | Vaults:4 | Received a gift from Trog
 45169 | Vaults:4 | Reached XP level 21. HP: 205/211 MP: 27/29
 45330 | Vaults:4 | Noticed Mara
 45338 | Vaults:4 | Noticed Blackhawk's illusion
 45357 | Vaults:4 | Killed Mara
 45449 | Vaults:4 | Received a gift from Trog
 46532 | Vaults:5 | Entered Level 5 of the Vaults
 46663 | Vaults:4 | Reached skill level 24 in Fighting
 46732 | Vaults:5 | Noticed a golden dragon
 46971 | Vaults:4 | Received a gift from Trog
 47897 | Vaults:4 | Killed a golden dragon
 48260 | Vaults:4 | Reached skill level 15 in Dodging
 48971 | Vaults:5 | Received a gift from Trog
 49039 | Vaults:5 | Noticed a golden dragon
 49044 | Vaults:5 | Killed a golden dragon
 49069 | Vaults:5 | Reached XP level 22. HP: 224/224 MP: 28/30
 49117 | Vaults:5 | Received a gift from Trog
 49141 | Vaults:5 | Got a silver rune of Zot
 49588 | Vaults:5 | Identified the +4 scimitar "Yrakau" {holy, rElec Str+4}
 49588 | Vaults:5 | Identified the +9 dagger of the Warrior-Mage {speed, rC+
                  | Dex+4}
 49913 | Vaults:5 | Reached skill level 25 in Fighting
 50215 | Depths:1 | Entered Level 1 of the Depths
 50291 | Depths:1 | Received a gift from Trog
 50442 | Depths:1 | Found a one-way gate to the infinite horrors of the Abyss.
 50611 | Depths:1 | Found a gateway to Hell.
 50851 | Depths:1 | Found the +8 arc blade {discharge, rElec}
 51292 | Depths:1 | Found a gateway to a ziggurat.
 51295 | Depths:1 | Paralysed by a floating eye for 3 turns
 51303 | Depths:1 | Paralysed by a floating eye for 2 turns
 51313 | Depths:1 | Paralysed by a floating eye for 3 turns
 51324 | Depths:1 | Paralysed by a floating eye for 4 turns
 51335 | Depths:1 | Paralysed by a floating eye for 2 turns
 51340 | Depths:1 | Paralysed by a floating eye for 4 turns
 51349 | Depths:1 | Paralysed by a floating eye for 2 turns
 51354 | Depths:1 | Paralysed by a floating eye for 4 turns
 51363 | Depths:1 | Paralysed by a floating eye for 3 turns
 51369 | Depths:1 | Paralysed by a floating eye for 4 turns
 51374 | Depths:1 | Paralysed by a floating eye for 2 turns
 51377 | Depths:1 | Paralysed by a floating eye for 4 turns
 51393 | Depths:1 | Paralysed by a floating eye for 2 turns
 51399 | Depths:1 | Paralysed by a floating eye for 3 turns
 51409 | Depths:1 | Paralysed by a floating eye for 2 turns
 51432 | Depths:1 | Paralysed by a floating eye for 4 turns
 51446 | Depths:1 | Paralysed by a floating eye for 3 turns
 51456 | Depths:1 | Paralysed by a floating eye for 4 turns
 51464 | Depths:1 | Paralysed by a floating eye for 3 turns
 51635 | Depths:2 | You are sucked into a shaft!
 51724 | Depths:3 | Found a one-way gate leading to the halls of Pandemonium.
 51867 | Depths:3 | Received a gift from Trog
 52658 | Depths:3 | Reached XP level 23. HP: 236/236 MP: 30/31
 53164 | Depths:2 | Noticed Boris
 53178 | Depths:1 | Killed Boris
 53359 | Depths:2 | Noticed Sojobo
 53401 | Depths:2 | Killed Sojobo
 53401 | Depths:2 | Reached skill level 26 in Fighting
 53624 | Depths:2 | Found Hastrukiw's Book Boutique.
 53628 | Depths:2 | Noticed Louise
 53634 | Depths:2 | Noticed Louise
 53634 | Depths:2 | Louise changed into Louise the seven-headed hydra
 53639 | Depths:2 | Killed Louise the seven-headed hydra
 54421 | Depths:2 | Found a glowing silver altar of Zin.
 54421 | Depths:2 | Noticed Mennas
 54443 | Depths:2 | Killed Mennas
 54881 | Depths:2 | Identified the cursed +0 steam dragon scales of Ru's
                  | Generosity {rC+} (You found it on level 2 of the Depths)
 54882 | Depths:2 | Identified a scroll of acquirement
 54888 | Depths:2 | Got a transparent plate armour
 54889 | Depths:2 | Identified the +7 plate armour of Kishez {*Contam rN++
                  | Dex+3} (You acquired it on level 2 of the Depths)
 55273 | Depths:4 | Found a glowing golden altar of the Shining One.
 55273 | Depths:4 | Found a bloodstained altar of Trog.
 55274 | Depths:4 | Found a basalt altar of Yredelemnul.
 55320 | Depths:4 | Noticed a juggernaut
 55353 | Depths:4 | Killed a juggernaut
 55433 | Depths:4 | Received a gift from Trog
 55521 | Depths:4 | Noticed a caustic shrike
 55534 | Depths:4 | Killed a caustic shrike
 55907 | Depths:4 | Identified the ring "Adghebug" {rElec MR+} (You found it on
                  | level 4 of the Depths)
 55958 | Depths:4 | Noticed a caustic shrike
 55987 | Depths:4 | Killed a caustic shrike
 55987 | Depths:4 | Reached XP level 24. HP: 239/247 MP: 27/31
 56044 | Depths:4 | Reached skill level 27 in Fighting
 56217 | Depths:4 | Identified the ring "Linarhu" {Ice Str+3 Dex+3}
 56593 | Depths:4 | Noticed a juggernaut
 56614 | Depths:4 | Killed a juggernaut
 56631 | Depths:4 | Identified the +2 faerie dragon scales {*Corrode +Blink rN+
                  | rCorr Dex+3}
 56631 | Depths:4 | Noticed the Enchantress
 56694 | Depths:4 | Received a gift from Trog
 56717 | Depths:4 | Killed the Enchantress
 57370 | Depths:5 | Entered Level 5 of the Depths
 57514 | Depths:5 | Found Miadeeli's Jewellery Boutique.
 57514 | Depths:5 | Found Lasuurem's Gadget Shoppe.
 57515 | Depths:5 | Found Hasaguur's Gadget Shoppe.
 57523 | Depths:5 | Bought the ring of Eluvve {-Tele rN+ Str+3 Int+2} for 319
                  | gold pieces
 58100 | Depths:5 | Noticed a juggernaut
 58124 | Depths:5 | Killed a juggernaut
 58680 | Depths:5 | Found a gate to the Realm of Zot.
 58881 | Zot:1    | Entered Level 1 of the Realm of Zot
 59614 | Zot:1    | Received a gift from Trog
 59696 | Zot:1    | You fall through a shaft!
 60565 | Zot:3    | Reached XP level 25. HP: 257/257 MP: 31/31
 60666 | Zot:5    | Entered Level 5 of the Realm of Zot
 61126 | Zot:5    | Noticed an orb of fire
 61135 | Zot:5    | Gained mutation: Your spells are a little easier to cast,
                  | but a little less powerful. [an orb of fire]
 61144 | Zot:5    | Gained mutation: You are frail. (-10% HP) [an orb of fire]
 61146 | Zot:5    | Killed an orb of fire
 61147 | Zot:5    | Noticed an orb of fire
 61159 | Zot:5    | Noticed an ancient lich
 61166 | Zot:5    | Gained mutation: You are dopey. (Int -2) [an orb of fire]
 61171 | Zot:5    | Killed an orb of fire
 61171 | Zot:5    | Killed an ancient lich
 61453 | Zot:5    | Noticed a Killer Klown
 61467 | Zot:5    | Killed a Killer Klown
 61579 | Zot:5    | Noticed an ancient lich
 61841 | Zot:4    | Killed an ancient lich
 61927 | Zot:5    | Noticed a Killer Klown
 61961 | Zot:5    | Killed a Killer Klown
 62017 | Zot:5    | Noticed an ancient lich
 62056 | Zot:5    | Killed an ancient lich
 62178 | Zot:5    | Noticed an ancient lich
 62201 | Zot:4    | Received a gift from Trog
 62363 | Zot:5    | Killed an ancient lich
 62661 | Zot:5    | Noticed an ancient lich
 62796 | Zot:5    | Killed an ancient lich
 63162 | Zot:5    | Reached XP level 26. HP: 239/239 MP: 31/31
 64061 | Zot:5    | Got the Orb of Zot
 64205 | Zot:1    | Noticed Foublal the pandemonium lord
 64699 | D:$      | Escaped with the Orb!

Skill      XL: |  1  2  3  4  5  6  7  8  9 10 11 12 13 14 15 16 17 18 19 20 21 22 23 24 25 26 |
---------------+-------------------------------------------------------------------------------+-----
Fighting       | 4 5 6 7 9 10 11 12 13 14 15 17 19 20 22 23 24 25 26 27 | 27.0
Axes           | 4 5 6 7 9 10 11 | 11.8
Armour         | 3 4 5 7 8 10 11 12 13 14 15 16 17 18 19 20 21 22 23 24 25 | 25.0
Dodging        | 3 4 5 6 8 9 10 11 13 14 15 16 17 18 20 | 20.7
Maces & Flails | 2 |  2.4
Evocations     | 2 4 6 8 9 10 11 12 | 12.0
Polearms       | 3 6 8 10 12 | 12.1
Shields        | 3 6 8 10 12 13 14 15 16 17 18 19 20 21 23 | 23.6

Action                   |  1- 3 |  4- 6 |  7- 9 | 10-12 | 13-15 | 16-18 | 19-21 | 22-24 | 25-27 || total
-------------------------+-------+-------+-------+-------+-------+-------+-------+-------+-------++-------
Melee: Hand axe          |    81 |    98 |       |       |       |       |       |       |       ||   179
       Headbutt          |    16 |    19 |    53 |   184 |   358 |   531 |   715 |   968 |   271 ||  3115
       Whip              |       |       |   277 |    20 |       |       |       |       |       ||   297
       Morningstar       |       |       |       |   308 |       |       |       |       |       ||   308
       Trident           |       |       |       |   489 |  1543 |  2289 |  1964 |  2554 |   709 ||  9548
Invok: Berserk           |       |     2 |     1 |     4 |     2 |     4 |     5 |     8 |     7 ||    33
       Brothers in Arms  |       |       |       |       |       |     3 |     1 |     7 |     2 ||    13
       Trog's Hand       |       |       |       |       |       |       |       |     1 |       ||     1
 Abil: Evoke Flight      |       |       |       |       |     2 |       |       |       |     1 ||     3
       Stop Flying       |       |       |       |       |       |       |       |     1 |       ||     1
Evoke: Wand              |       |       |       |       |     1 |       |     4 |     1 |     2 ||     8
       Sack of spiders   |       |       |       |       |       |       |       |     3 |     1 ||     4
  Use: Potion            |       |     1 |       |       |       |     2 |       |       |     3 ||     6
       Scroll            |       |       |    18 |     8 |    15 |    19 |     4 |    20 |     4 ||    88
 Stab: Distracted        |       |       |       |       |     1 |       |       |     4 |       ||     5
  Eat: Chunk             |     3 |     6 |    16 |    25 |    32 |    38 |    30 |    33 |     4 ||   187
       Ration            |       |       |       |     3 |     3 |     3 |     2 |     6 |     5 ||    22
Armor: Animal skin       |     8 |     1 |       |       |       |       |       |       |       ||     9
       Plate armour      |       |    26 |    97 |   300 |       |       |       |   294 |   107 ||   824
       Ring mail         |       |       |       |     5 |   141 |   373 |   168 |   127 |       ||   814
Dodge: Dodged            |    51 |    48 |   105 |   259 |   289 |   746 |   470 |   671 |   187 ||  2826
Block: Other             |       |     9 |    72 |    90 |       |       |       |       |       ||   171
       Reflection        |       |       |       |    15 |    72 |   112 |   102 |   140 |    20 ||   461
       Shield            |       |       |       |   451 |   958 |  1766 |   971 |       |       ||  4146
       Large shield      |       |       |       |       |       |       |   485 |  2693 |   620 ||  3798
